 Dungeon Crawl Stone Soup version 0.28-a0-691-gad6df49e81 (webtiles) character file.

Game seed: 12155123828987020591

0 jsc133 the Insei (level 1, -2/13 HPs)
             Began as an Octopode Transmuter on Oct 20, 2021.
             Slain by a ball python (3 damage)
             ... on level 1 of the Dungeon.
             The game lasted 00:00:25 (107 turns).

jsc133 the Insei (Octopode Transmuter)               Turns: 107, Time: 00:00:26

Health: -2/13      AC:  1    Str:  9    XL:     1   Next: 10%
Magic:  3/3        EV: 10    Int: 15    God:
Gold:   8          SH:  0    Dex: 12    Spells: 3/4 levels left

rFire   . . .      SeeInvis .     - Unarmed
rCold   . . .      Faith    .   (no shield)
rNeg    . . .      Spirit   .   (helmet restricted)
rPois   .          Reflect  .   (no amulet)
rElec   .          Harm     .   (no ring)
rCorr   .          Rampage  .   (no ring)
Will    .....                   (no ring)
Stlth   ++........              (no ring)
HPRegen 0.04/turn               (no ring)
MPRegen 0.08/turn               (no ring)
                                (no ring)
                                (no ring)

@: constricted
A: almost no armour, amphibious, 8 rings, camouflage 1, gelatinous body 1,
(nimble swimmer 1), tentacles
a: no special abilities


You were on level 1 of the Dungeon.
You visited 1 branch of the dungeon, and saw 1 of its levels.

You collected 8 gold pieces.

You aren't carrying anything.


   Skills:
 + Level 1.0 Fighting
 + Level 2.0 Dodging
 + Level 3.0 Unarmed Combat
 + Level 2.0 Spellcasting
 + Level 2.0 Transmutations


You had 3 spell levels left.
You knew the following spells:

 Your Spells              Type           Power      Damage    Failure   Level
a - Beastly Appendage     Tmut           14%        N/A       10%         1

Your spell library contained the following spells:

 Spells                   Type           Power      Damage    Failure   Level
 Wereblood                Tmut           7%         N/A       14%         2
 Spider Form              Tmut/Pois      2%         N/A       41%         3
 Ice Form                 Ice/Tmut       4%         N/A       82%         4


Dungeon Overview and Level Annotations

Branches:
Dungeon (1/15)

Altars:


Innate Abilities, Weirdness & Mutations

You cannot wear most types of armour.
You are amphibious.
You can wear up to eight rings at the same time.
Your skin changes colour to match your surroundings (Stealth+).
Your rubbery body absorbs attacks. (AC +1, EV +1)
((You are camouflaged near water. (Stealth+)))
You have tentacles for arms and can constrict up to eight enemies at once.


Message History

You open the gate.
There is an open gate here.
Sorry, you're not good enough to have a special ability.
You open the gate.
There is an open gate here.
Found 2 gold pieces.
You now have 8 gold pieces (gained 2).
You open the gate.
There is an open gate here.
A kobold comes into view. It is wielding a +0 short sword.
A ball python comes into view.
Found a scroll labelled BYIDENIYDY.
The ball python hisses angrily.
Found 8 gold pieces.
Found 9 gold pieces.
The kobold shouts!
You hear a shout! x2
You tentacle-slap the kobold. Your grab misses the kobold.
The kobold is moderately wounded.
The ball python barely misses you. The ball python grabs you.
The ball python constricts you.
You tentacle-slap the kobold but do no damage.
Your grab misses the kobold.
The kobold is moderately wounded.
The kobold closely misses you. The ball python completely misses you.
The ball python constricts you.
You tentacle-slap the kobold. Your grab misses the kobold.
The kobold is severely wounded.
A hobgoblin comes into view.
The kobold hits you with a +0 short sword.
The ball python bites you. The ball python constricts you.
You tentacle-slap the kobold.
You kill the kobold!
A hobgoblin comes into view.
The ball python bites you.
* * * LOW HITPOINT WARNING * * *
The ball python constricts you.
* * * LOW HITPOINT WARNING * * *
You completely miss the ball python. Your grab misses the ball python.
The ball python bites you.
You die...

##..$..## ##.....$.#
...?.....# ####
......... ....
.g....... .....
........##...#
g............##
......)@S......
.........##.###
#.......##
...#....#########+++#
.. ##.#.#.'.........#
. #.#.#.'.........#
#.#...'.........#
##############...#
#......'.....#...#


You could see 2 hobgoblins and a ball python.

Vanquished Creatures
  A kobold (D:1)
1 creature vanquished.

Notes
Turn   | Place    | Note
-------+----------+-------------------------------------------
     0 | D:1      | jsc133 the Octopode Transmuter began the quest for the Orb.
     0 | D:1      | Reached XP level 1. HP: 13/13 MP: 3/3
   107 | D:1      | Slain by a ball python

Illustrated notes

Levels and vault maps discovered:
D:1:      minmay_arrival_widening_spiral_wide, layout_rooms,
          ebering_ecumenical_altar_mist

Action                   || total
-------------------------++-------
Melee: Unarmed           ||     5
Dodge: Dodged            ||     3

Table legend: (Time is in decaauts)
 A = Elapsed time spent in this place.
 B = Non-inter-level travel time spent in this place.
 C = Inter-level travel time spent in this place.
 D = Time resting spent in this place.
 E = Time spent auto-exploring this place.
 F = Levels seen in this place.
 G = Mean time per level.
                   A        B        C        D        E       F      G
               +--------+--------+--------+--------+--------+-----+--------+
         Total |    106 |    106 |      0 |      0 |      0 |   1 |  106.0 |
       Dungeon |    106 |    106 |      0 |      0 |      0 |   1 |  106.0 |
               +--------+--------+--------+--------+--------+-----+--------+

Top non-repeatable levels by time:
     D:1: 106 daAuts
